Map: Torres Crepusculares

Players

Kelazhur - Winner!

  • Race: Terran Terran
  • League: Grandmaster

Light (SpeCial)

  • Race: Terran Terran
  • League: Master

Event: Copa America 2016 Season 1

VOD

Have the link to the VOD?

Description

Time

  • Played on: Feb. 17, 2016, 6:55 p.m.
  • Length: 10:37

All games in this series

Show
View Real Time Build Order
Export as new Build Order

Kelazhur Terran - Winner!

Build Orders: Bio Tank 

Get SALT Encoding   

  12  0:00  SCV  
  13  0:13  SCV  
  14  0:17  Supply Depot  
  14  0:25  SCV  
  15  0:39  SCV  
  15  0:40  Barracks  
  16  0:43  Refinery  
  16  0:51  SCV  
  17  1:00  Barracks  
  17  1:03  SCV  
  18  1:17  SCV  
  19  1:27  Reaper  
  19  1:29  Orbital Command  
  19  1:31  Supply Depot  
  20  1:38  Refinery  
  20  1:48  Reaper  
  21  1:54  SCV  
  22  2:03  Reaper  
  22  2:06  SCV  
  24  2:18  SCV  
  25  2:24  Command Center  
  25  2:30  SCV  
  25  2:36  Factory  
  26  2:41  Barracks Reactor, Barracks Tech Lab  
  27  2:44  SCV  
  27  2:51  Supply Depot  
  27  2:56  SCV  
  28  3:16  Marine  
  29  3:25  SCV, Marine  
  28  3:27  Marine  
  28  3:29  Factory Tech Lab, Stimpack, Starport  
  28  3:34  Marine  
  29  3:37  SCV  
  29  3:39  Orbital Command  
  31  3:43  Marine  
  31  3:45  Marine  
  33  3:51  SCV  
  33  3:52  Marine  
  35  3:59  Siege Tank  
  35  4:02  Marine  
  39  4:04  Marine  
  39  4:09  SCV  
  41  4:10  SCV  
  41  4:14  Medivac  
  44  4:17  Marine  
  44  4:21  SCV  
  44  4:22  SCV  
  47  4:24  Marine x2  
  47  4:29  Supply Depot  
  49  4:33  SCV  
  49  4:35  SCV, Marine  
  52  4:42  Marine  
  54  4:45  SCV  
  54  4:50  Medivac, Marine  
  54  4:51  Siege Tank, SCV  
  54  4:52  Supply Depot  
  61  4:53  Marine  
  62  5:02  Supply Depot  
  62  5:13  SCV x2, Marine x2  
  66  5:17  Supply Depot, Marine  
  66  5:23  Siege Tank  
  66  5:25  SCV  
  69  5:29  Supply Depot  
  69  5:31  Medivac  
  69  5:33  Marine  
  69  5:34  Marine  
  73  5:45  SCV, Marine  
  73  5:46  Combat Shields  
  75  5:54  SCV, Marine x2  
  77  6:01  Viking  
  77  6:04  SCV, Engineering Bay, Marine  
  81  6:12  Marine x2  
  81  6:16  SCV  
  84  6:19  Siege Tank  
  84  6:21  SCV, Marine  
  89  6:27  Supply Depot  
  89  6:28  SCV  
  89  6:30  Marine  
  91  6:36  SCV  
  91  6:37  Supply Depot  
  92  6:40  SCV  
  92  6:45  Marine  
  94  6:48  Marine  
  94  6:51  Siege Tank  
  94  6:52  Command Center  
  98  6:56  Supply Depot  
  92  7:13  Marine  
  92  7:14  SCV  
  84  7:23  SCV, Marine  
  84  7:28  Siege Tank, Marine  
  85  7:30  Starport Reactor  
  85  7:32  Terran Infantry Weapons Level 1, Barracks  
  85  7:33  Barracks  
  85  7:34  Barracks, SCV  
  85  7:35  SCV  
  85  7:36  Refinery  
  80  7:37  Refinery  
  80  7:41  Marine x2  
  82  7:46  Marine  
  83  7:54  SCV x2  
  83  7:58  Armory  
  85  7:59  Engineering Bay, Marine  
  85  8:03  Supply Depot  
  85  8:04  Marine x2  
  88  8:07  Siege Tank  
  91  8:18  Marine  
  92  8:20  Marine x2  
  92  8:22  Supply Depot, Medivac  
  96  8:29  Medivac, Marine x3  
  96  8:32  Refinery  
  96  8:33  SCV x2  
  103  8:35  Refinery  
  103  8:36  Marine  
  103  8:37  Marine  
  103  8:38  Terran Infantry Armor Level 1  
  105  8:45  SCV, Marine  
  105  8:48  SCV  
  107  8:49  Supply Depot  
  107  8:53  Medivac  
  109  8:57  Supply Depot, SCV  
  109  8:59  Marine x3  
  109  9:01  SCV  
  115  9:03  Orbital Command  
  113  9:11  Medivac  
  113  9:12  SCV, Marine x3  
  113  9:17  Marine x2  
  116  9:20  Siege Tank  
  116  9:22  Medivac  
  123  9:26  Supply Depot  
  123  9:27  Marine  
  123  9:28  SCV  
  123  9:30  Marine x2  
  127  9:38  SCV, Marine  
  128  9:39  Marine  
  113  9:53  Siege Tank  
  113  9:55  SCV x2, Medivac  
  113  9:56  Marine x3  
  113  9:57  Marine x2  
  113  9:58  Marine  
  123  10:00  SCV  
  122  10:07  SCV  
  122  10:09  SCV  
  122  10:14  Marine x3  
  125  10:17  Marine  
  125  10:18  Marine x2  
Show
View Real Time Build Order
Export as new Build Order

Light Terran 

Build Orders: MMM Bio 

Get SALT Encoding   

  12  0:00  SCV  
  13  0:13  SCV  
  14  0:19  Supply Depot  
  14  0:25  SCV  
  15  0:40  SCV  
  15  0:41  Barracks  
  16  0:52  SCV  
  17  1:04  SCV  
  18  1:17  Command Center  
  18  1:20  SCV  
  19  1:27  Marine  
  19  1:32  Orbital Command  
  20  1:45  Marine  
  20  1:46  Supply Depot  
  21  1:53  Refinery  
  21  1:55  Refinery  
  21  1:58  SCV  
  22  2:03  Marine  
  22  2:10  SCV  
  22  2:12  Bunker  
  23  2:21  Marine  
  23  2:22  SCV  
  25  2:29  Orbital Command  
  25  2:34  SCV  
  26  2:39  Marine  
  26  2:42  Factory  
  27  2:46  SCV  
  28  2:56  SCV  
  28  2:57  Marine  
  30  2:58  SCV  
  31  3:11  SCV x2  
  33  3:14  Marine  
  28  3:28  Hellion, Starport  
  28  3:33  Marine  
  31  3:35  SCV x2  
  33  3:42  Supply Depot  
  33  3:47  SCV x2  
  35  3:48  Widow Mine  
  37  3:56  Barracks Reactor  
  37  3:59  SCV x2  
  39  4:04  Medivac  
  39  4:06  Command Center  
  41  4:10  Supply Depot  
  41  4:11  SCV  
  41  4:12  SCV  
  43  4:20  Factory Tech Lab  
  43  4:24  SCV x2  
  45  4:34  Viking, Marine x2  
  45  4:36  SCV x2  
  51  4:39  Siege Tank  
  51  4:45  Supply Depot  
  54  4:48  SCV x2  
  54  4:51  Marine  
  54  4:52  Barracks, Marine  
  58  4:55  Barracks  
  58  5:00  SCV x2  
  58  5:06  Supply Depot  
  60  5:09  Marine x2  
  60  5:10  Viking  
  60  5:12  SCV x2  
  60  5:13  Siege Tank  
  69  5:23  Orbital Command  
  69  5:24  SCV  
  69  5:25  SCV  
  69  5:27  Marine x2  
  73  5:45  Siege Tank, SCV x2  
  73  5:47  Barracks Reactor, Barracks Tech Lab, Marine  
  78  5:56  Refinery x2  
  78  5:59  SCV x2  
  78  6:01  Engineering Bay  
  78  6:02  Viking, Engineering Bay  
  80  6:08  Marine  
  80  6:10  SCV  
  81  6:11  SCV  
  81  6:14  Supply Depot  
  81  6:15  Supply Depot  
  80  6:22  Stimpack  
  80  6:26  Marine  
  80  6:29  Missile Turret  
  80  6:30  SCV x2  
  80  6:31  SCV  
  80  6:32  Marine  
  84  6:33  Missile Turret  
  84  6:34  Starport Reactor  
  84  6:36  Marine  
  87  6:41  Barracks Reactor  
  87  6:44  Barracks, Marine  
  87  6:46  Barracks  
  87  6:47  Terran Infantry Weapons Level 1  
  87  6:50  Supply Depot  
  87  6:51  Supply Depot  
  87  6:54  Marine x2  
  85  7:01  Marine  
  85  7:07  SCV  
  85  7:08  SCV  
  79  7:12  Marine x2  
  66  7:16  Siege Tank  
  66  7:17  Marine x2  
  66  7:19  Marine  
  65  7:27  SCV x3  
  54  7:30  Marine x2  
  54  7:35  Marine x2  
  57  7:37  Barracks Reactor, Marine  
  57  7:39  SCV x2  
  57  7:41  SCV  
  57  7:44  Terran Infantry Armor Level 1  
  61  7:47  Marine, Orbital Command  
  61  7:48  Marine  
  63  7:51  SCV, Marine  
  63  7:52  SCV  
  66  7:59  Marine x3  
  66  8:03  SCV  
  66  8:04  SCV  
  66  8:05  Medivac, Marine  
  73  8:08  Medivac  
  74  8:15  SCV  
  74  8:16  SCV x2  
  77  8:21  Marine x3  
  77  8:23  Marine x3  
  77  8:26  Marine  
  85  8:27  SCV  
  85  8:28  Barracks Reactor  
  85  8:29  Combat Shields  
  85  8:30  SCV  
  85  8:31  SCV  
  87  8:39  SCV  
  87  8:40  Medivac  
  87  8:41  Medivac  
  91  8:42  SCV  
  91  8:43  SCV  
  91  8:48  Marine x4  
  94  8:51  SCV  
  94  8:53  Marine x2  
  94  8:54  SCV  
  94  8:55  SCV  
  102  8:59  Marine  
  102  9:00  Armory  
  103  9:03  Siege Tank, SCV  
  103  9:06  Marine  
  103  9:09  Marine  
  108  9:11  SCV x2  
  108  9:12  Medivac x2  
  108  9:15  SCV  
  115  9:17  Marine x2  
  117  9:26  Supply Depot, Marine x6  
  117  9:30  SCV x2  
  125  9:37  Marine  
  125  9:39  SCV  
  125  9:42  Siege Tank  
  125  9:44  Marine  
  125  9:45  Marine  
  122  9:48  Marine x2  
  122  9:51  Medivac x2  
  101  9:55  Marine x3  
  101  9:58  SCV x3  
  101  9:59  Marine x2  
  103  10:06  Marine x3  
  103  10:07  Marine  
  105  10:10  SCV x2  
  105  10:13  Marine  
  101  10:17  Marine x2  
  101  10:18  Marine  
Tags
 
Add a new tag
Caveats
  • Supply blocks, unpowered buildings, or Contaminate may cause inaccurate times.
  • Supply counts are checked every 10 seconds.